Map: Acropolis LE

Players

DnS - Winner!

  • Race: Protoss Protoss
  • Spawn Location: 5:00

Cham

  • Race: Zerg Zerg
  • Spawn Location: 11:00

VOD

Have the link to the VOD?

Description

Time

  • Played on: Sept. 6, 2019, 4:58 p.m.
  • Length: 10:51
Show
View Real Time Build Order
Export as new Build Order

DnS Protoss - Winner!

Build Orders: 1 Gate Expand, Oracle Opening, Phoenix Opening, Mass Phoenix 

Get SALT Encoding   

  12  0:00  Probe  
  13  0:12  Probe  
  14  0:20  Pylon  
  14  0:24  Probe  
  15  0:34  Probe  
  15  0:41  Gateway  
  15  0:42  Probe  
  17  0:51  Assimilator  
  17  0:52  Probe  
  18  1:05  Probe  
  19  1:17  Probe  
  20  1:27  Nexus  
  20  1:37  Cybernetics Core  
  20  1:41  Probe  
  21  1:49  Assimilator  
  21  1:53  Probe  
  22  1:58  Pylon  
  22  2:05  Probe  
  22  2:06  Adept  
  23  2:17  Probe  
  23  2:19  Stargate  
  26  2:29  Probe  
  27  2:31  Warp Gate  
  27  2:37  Probe x2  
  27  2:39  Stalker  
  31  2:45  Probe x2  
  33  2:55  Probe x2  
  35  3:01  Phoenix  
  37  3:07  Probe x2  
  37  3:12  Pylon  
  39  3:18  Oracle  
  39  3:22  Probe  
  39  3:25  Probe  
  44  3:27  Gateway  
  44  3:36  Adept  
  46  3:42  Probe x2  
  46  3:45  Assimilator  
  46  3:47  Assimilator  
  46  3:48  Pylon  
  46  3:54  Probe x2  
  48  3:58  Stargate  
  48  4:06  Probe x2  
  50  4:12  Pylon, Phoenix  
  52  4:18  Probe  
  52  4:21  Adept  
  52  4:22  Zealot  
  52  4:23  Probe  
  58  4:30  Probe  
  59  4:31  Phoenix  
  59  4:35  Probe  
  62  4:41  Protoss Air Weapons Level 1  
  62  4:44  Phoenix  
  64  4:56  Nexus  
  64  4:57  Phoenix  
  64  5:00  Phoenix  
  64  5:01  Probe x2  
  64  5:02  Pylon  
  70  5:18  Pylon  
  70  5:20  Probe x2  
  72  5:21  Phoenix  
  72  5:23  Pylon, Phoenix  
  74  5:32  Probe  
  74  5:33  Probe  
  78  5:44  Probe  
  78  5:45  Probe  
  78  5:46  Phoenix, Robotics Facility  
  82  5:51  Robotics Facility  
  82  5:53  Pylon  
  82  5:57  Shield Battery  
  82  6:01  Probe  
  82  6:02  Probe  
  84  6:06  Phoenix  
  84  6:07  Probe  
  87  6:14  Probe  
  87  6:17  Probe  
  91  6:19  Probe  
  91  6:21  Assimilator  
  91  6:22  Zealot x2  
  91  6:23  Assimilator  
  91  6:24  Immortal  
  96  6:26  Probe  
  96  6:27  Pylon  
  96  6:28  Immortal  
  103  6:44  Shield Battery  
  103  6:46  Shield Battery, Zealot x2  
  107  6:49  Shield Battery  
  107  6:51  Shield Battery  
  107  6:55  Immortal  
  107  7:02  Immortal  
  107  7:05  Pylon  
  115  7:09  Sentry x2  
  109  7:25  Immortal, Shield Battery  
  102  7:32  Shield Battery  
  102  7:33  Sentry x2  
  102  7:34  Shield Battery  
  104  7:37  Immortal  
  108  7:51  Phoenix  
  104  8:02  Zealot  
  104  8:05  Immortal  
  110  8:18  Phoenix  
  108  8:30  Zealot  
  108  8:33  Pylon  
  108  8:34  Pylon x2  
  112  8:55  Zealot  
  114  9:05  Nexus  
  114  9:06  Twilight Council  
  114  9:07  Probe  
  114  9:08  Forge  
  114  9:09  Pylon, Sentry  
  115  9:16  Immortal x2  
  115  9:21  Zealot  
  117  9:25  Probe x2  
  117  9:29  Assimilator  
  117  9:30  Assimilator  
  127  9:33  Gateway  
  127  9:35  Gateway  
  127  9:39  Gateway x2  
  127  9:48  Zealot  
  127  9:49  Zealot  
  131  9:59  Shield Battery  
  131  10:00  Shield Battery  
  131  10:01  Shield Battery  
  131  10:09  Sentry x2  
  122  10:31  Zealot x2  
  124  10:37  Sentry x2  
  124  10:38  Zealot  
  123  10:49  Zealot  
Show
View Real Time Build Order
Export as new Build Order

Cham Zerg 

Build Orders: Hatch First 

Get SALT Encoding   

  12  0:01  Drone  
  13  0:08  Drone  
  14  0:16  Overlord  
  14  0:34  Drone  
  14  0:35  Drone  
  16  0:51  Hatchery  
  16  0:53  Drone  
  16  0:57  Drone  
  16  0:58  Drone  
  18  1:11  Extractor  
  18  1:14  Spawning Pool  
  18  1:18  Drone  
  17  1:20  Drone  
  18  1:29  Drone  
  19  1:40  Drone  
  20  1:50  Overlord  
  20  2:03  Queen x2  
  20  2:04  Zergling x4  
  26  2:11  Metabolic Boost  
  26  2:12  Drone  
  26  2:14  Drone  
  28  2:22  Drone  
  29  2:25  Drone  
  30  2:40  Hatchery  
  30  2:43  Queen  
  31  2:47  Overlord  
  31  2:51  Drone  
  32  2:54  Drone  
  33  2:58  Drone x2  
  33  2:59  Drone  
  33  3:05  Overlord  
  36  3:08  Zergling x2  
  37  3:13  Zergling x2  
  37  3:18  Drone  
  37  3:19  Drone x4  
  42  3:27  Spore Crawler  
  41  3:33  Drone x3  
  44  3:38  Overlord  
  44  3:43  Drone x2  
  44  3:44  Drone x2  
  48  3:50  Queen  
  48  3:51  Queen  
  52  3:57  Overlord  
  52  3:58  Drone  
  52  3:59  Drone  
  52  4:02  Drone  
  55  4:03  Drone  
  55  4:04  Drone  
  57  4:10  Spore Crawler, Drone  
  57  4:15  Drone x4  
  61  4:17  Drone  
  61  4:21  Drone  
  61  4:23  Drone  
  61  4:24  Drone  
  65  4:25  Drone  
  65  4:30  Overlord  
  66  4:31  Roach Warren  
  66  4:34  Drone  
  66  4:40  Overlord, Lair  
  66  4:43  Overlord  
  66  4:47  Overlord, Queen  
  66  4:50  Overlord  
  67  4:57  Drone, Extractor  
  67  4:58  Extractor x2, Drone x4  
  67  4:59  Extractor  
  68  5:01  Drone x2  
  68  5:02  Pneumatized Carapace  
  68  5:03  Drone x2  
  68  5:04  Drone  
  73  5:07  Drone  
  73  5:09  Overlord, Drone  
  73  5:13  Drone x3  
  77  5:15  Roach  
  77  5:21  Overlord  
  79  5:25  Overlord  
  79  5:26  Roach x3  
  85  5:29  Overlord  
  85  5:30  Roach x2  
  89  5:35  Overlord  
  89  5:37  Roach x2  
  89  5:38  Roach  
  89  5:40  Overlord  
  89  5:42  Roach  
  97  5:44  Roach  
  97  5:49  Roach  
  105  5:50  Roach x3  
  105  5:53  Roach  
  109  5:59  Roach  
  109  6:00  Roach x2, Nydus Network  
  109  6:02  Roach  
  109  6:03  Roach  
  116  6:07  Roach x2  
  116  6:10  Zergling x2  
  116  6:11  Zergling x6  
  124  6:14  Overlord  
  124  6:19  Overlord x2  
  124  6:23  Spore Crawler  
  124  6:24  Spore Crawler  
  122  6:26  Overlord x2  
  122  6:37  Nydus Canal  
  122  6:38  Zergling x4  
  122  6:39  Zergling x14  
  131  6:42  Queen  
  131  6:45  Ravager  
  131  6:46  Ravager x6  
  140  6:52  Zergling x2  
  140  6:53  Zergling x2  
  142  6:56  Nydus Canal  
  142  6:57  Zergling x2  
  142  6:59  Ravager  
  144  7:03  Spore Crawler  
  144  7:05  Ravager  
  144  7:07  Zergling x4  
  146  7:13  Overlord  
  146  7:19  Overlord x3  
  137  7:31  Zergling x2  
  137  7:33  Nydus Canal  
  137  7:36  Roach x5  
  144  7:37  Queen x2  
  144  7:38  Nydus Canal  
  148  7:44  Roach  
  148  7:50  Zergling x4, Queen, Roach x3  
  153  7:55  Roach  
  149  8:00  Spore Crawler  
  149  8:01  Spore Crawler  
  138  8:07  Roach  
  129  8:13  Queen x2  
  129  8:17  Roach  
  129  8:18  Spore Crawler, Roach  
  121  8:23  Roach  
  121  8:24  Roach x5  
  121  8:26  Queen  
  118  8:29  Roach  
  93  8:44  Roach x3  
  93  8:46  Roach  
  101  8:48  Queen x2  
  104  9:00  Roach x2  
  104  9:01  Roach  
  104  9:02  Queen, Roach  
  114  9:07  Roach x2  
  118  9:12  Roach x3  
  118  9:14  Roach  
  118  9:17  Overlord  
  126  9:24  Queen x2  
  126  9:26  Roach x2  
  126  9:27  Roach  
  126  9:30  Nydus Canal  
  126  9:31  Roach x2  
  140  9:32  Zergling x4  
  140  9:33  Zergling x4  
  140  9:34  Zergling x2  
  140  9:35  Zergling x2  
  140  9:37  Zergling x4, Queen, Ravager  
  152  9:38  Ravager x2  
  152  9:39  Ravager  
  152  9:40  Ravager  
  152  9:41  Ravager x3  
  152  9:44  Nydus Canal  
  158  9:45  Zergling x2  
  158  9:47  Ravager x2  
  161  9:57  Overlord x4  
  161  10:04  Nydus Canal  
  157  10:16  Overlord x2  
  151  10:22  Nydus Canal  
  151  10:24  Roach x2  
  135  10:29  Roach  
  135  10:33  Zergling x10  
Tags
 
Add a new tag
Caveats
  • Supply blocks, unpowered buildings, or Contaminate may cause inaccurate times.
  • Supply counts are checked every 10 seconds.